 Dungeon Crawl Stone Soup version 0.29-a0-872-g797fff5ad1 (webtiles) character file.

Game seed: 4969000889713971790

1075 lesbiats the Conjurer (level 8, -5/58 HPs)
             Began as a Gnoll Conjurer on July 19, 2022.
             Was an Initiate of Ashenzari.
             Slain by Duvessa
             ... wielding a +1 vampiric rapier
              (12 damage)
             ... on level 4 of the Dungeon.
             The game lasted 00:30:13 (5582 turns).

lesbiats the Conjurer (Gnoll Conjurer)              Turns: 5582, Time: 00:30:14

Health: -5/58      AC:  5    Str:  7    XL:     8   Next: 29%
Magic:  17/26      EV: 15    Int: 20    God:    Ashenzari [......]
Gold:   289        SH:  0    Dex: 16    Spells: 3/19 levels left

rFire   . . .      SeeInvis .   q - +2 hand axe (venom)
rCold   . . .      Faith    .   (no shield)
rNeg    . . .      Spirit   .   a - +0 robe
rPois   .          Reflect  .   (no helmet)
rElec   .          Harm     .   w - +2 cloak
rCorr   .          Rampage  .   (no gloves)
Will    .....                   (no boots)
Stlth   +++.......              (no amulet)
HPRegen 0.19/turn               x - ring of magical power
MPRegen 0.20/turn               o - +6 ring of dexterity

@: no status effects
A: fangs 1, strong nose, distributed training
a: Renounce Religion


You were on level 4 of the Dungeon.
You worshipped Ashenzari.
Ashenzari was noncommittal.
You visited 2 branches of the dungeon, and saw 5 of its levels.
You also visited: Sewer.

You collected 289 gold pieces.

Inventory:

Hand Weapons
 q - a +2 hand axe of venom (weapon)
 v - a +2 quarterstaff of chaos
Missiles
 e - 5 boomerangs
Armour
 a - a +0 robe (worn)
 s - a +0 leather armour
 w - a +2 cloak (worn)
 E - the +0 ring mail of Optimism {rElec rCorr Slay+3 Stlth+}
   (You found it on level 4 of the Dungeon)

   Slay:      It affects your accuracy & damage with ranged weapons and melee
   (+3).
   rElec:     It insulates you from electricity.
   rCorr:     It protects you from acid and corrosion.
   Stlth:     It makes you more stealthy.
Magical Staves
 l - a staff of air
Jewellery
 m - a ring of protection from cold
 o - a +6 ring of dexterity (right hand)
 x - a ring of magical power (left hand)
Wands
 y - a wand of flame (18)
 C - a wand of paralysis (4)
 D - a wand of mindburst (14)
Scrolls
 c - 2 scrolls of teleportation
 f - 3 scrolls of fog {unknown}
 g - a scroll of vulnerability {unknown}
 i - a scroll of enchant armour {unknown}
 j - 3 scrolls of identify {unknown}
 p - a scroll of brand weapon {unknown}
 t - a scroll of fear {unknown}
 u - a scroll of amnesia {unknown}
 A - a scroll of torment {unknown}
 B - a scroll of blinking {unknown}
Potions
 b - a potion of magic
 d - a potion of flight {unknown}
 h - 2 potions of curing
 k - 4 potions of might {unknown}
 n - a potion of attraction {unknown}
 r - 3 potions of resistance {unknown}
 z - 2 potions of heal wounds {unknown}
 F - a potion of berserk rage {unknown}


   Skills:
 + Level 3.2 Fighting
 + Level 3.2 Short Blades
 + Level 3.2 Long Blades
 + Level 3.2 Axes
 + Level 3.2 Maces & Flails
 + Level 3.2 Polearms
 + Level 3.2 Staves
 + Level 3.2 Ranged Weapons
 + Level 3.2 Throwing
 + Level 3.2 Armour
 + Level 5.7 Dodging
 + Level 5.3 Stealth
 + Level 3.2 Shields
 + Level 3.2 Unarmed Combat
 + Level 6.0 Spellcasting
 + Level 7.6 Conjurations
 + Level 2.6 Hexes
 + Level 2.6 Summonings
 + Level 2.6 Necromancy
 + Level 2.6 Translocations
 + Level 2.6 Transmutations
 + Level 2.6 Fire Magic
 + Level 2.6 Ice Magic
 + Level 2.6 Air Magic
 + Level 2.6 Earth Magic
 + Level 2.6 Poison Magic
 + Level 3.6 Invocations
 + Level 3.2 Evocations


You had 3 spell levels left.
You knew the following spells:

 Your Spells              Type           Power      Damage    Failure   Level
a - Magic Dart            Conj           100%       1d8       1%          1
b - Searing Ray           Conj           72%        2d7       1%          2
c - Iskenderun's Mystic   Conj/Tloc      26%        2d7       12%         4
d - Fulminant Prism       Conj/Hex       13%        3d9       12%         4
e - Stone Arrow           Conj/Erth      52%        3d10      3%          3
p - Passwall              Tmut/Erth      13%        N/A       5%          2

Your spell library contained the following spells:

 Spells                   Type           Power      Damage    Failure   Level
 Sandblast                Erth           32%        2d9       3%          1
 Sting                    Tmut/Pois      64%        1d6       3%          1
 Dazzling Flash           Conj/Hex       52%        N/A       3%          3
 Poisonous Vapours        Pois/Air       32%        N/A       5%          2
 Confusing Touch          Hex            16%        N/A       11%         3
 Olgreb's Toxic Radiance  Pois           16%        N/A       34%         4
 Yara's Violent Unravell  Hex/Tmut       8%         3d5       67%         5
 Enfeeble                 Hex            8%         N/A       100%        7


Dungeon Overview and Level Annotations

Branches:
Dungeon (4/15)             Temple (1/1) D:4           Sewer (visited)

Altars:
Ashenzari
Dithmenos
Elyvilon
Fedhas
Gozag
Hepliaklqana
Kikubaaqudgha
Nemelex Xobeh
Okawaru
Qazlal
Ru
Sif Muna
Uskayaw
Vehumet
Wu Jian
Xom
Yredelemnul
The Shining One

Annotations:
D:4 Duvessa


Innate Abilities, Weirdness & Mutations

You have very sharp teeth.
Your uncanny sense of smell can sniff out nearby items.
Your experience applies equally to all skills.


Message History

Duvessa is lightly wounded.
Duvessa hits you with a +1 vampiric rapier!
Duvessa misses you.
You hit Duvessa.
Duvessa is poisoned.
Duvessa is lightly wounded.
Duvessa closely misses you.
Aiming: Stone Arrow (dangerous; 3% risk of failure)
Press: ? - help, Q - select action, (/) - cycle Shift-Dir - straight line, f/p - Duvessa
Aim: Duvessa, wielding a +1 vampiric rapier and wearing a +0 leather armour (lightly wounded, berserk, very poisoned, 75% to hit)
The stone arrow hits Duvessa!
Duvessa is moderately wounded.
Duvessa hits you with a +1 vampiric rapier!!
* * * LOW HITPOINT WARNING * * *
Duvessa draws strength from your wounds!
Duvessa hits you with a +1 vampiric rapier.
* * * LOW HITPOINT WARNING * * *
Duvessa draws strength from your wounds!
You feel better. Duvessa barely misses you. Duvessa attacks as you move away!
Duvessa hits you with a +1 vampiric rapier. x2
* * * LOW HITPOINT WARNING * * *
Duvessa draws strength from your wounds!
You feel better.
Duvessa hits you with a +1 vampiric rapier!
* * * LOW HITPOINT WARNING * * *
Duvessa draws strength from your wounds!
You feel better.
Duvessa hits you with a +1 vampiric rapier!
* * * LOW HITPOINT WARNING * * *
Duvessa draws strength from your wounds!
Duvessa barely misses you.
Casting: Stone Arrow (dangerous; 3% risk of failure)
Confirm with . or Enter, or press ? or * to list all spells.
You erupt in a blast of force!
The mystic blast hits Duvessa.
Duvessa is moderately wounded.
Duvessa is knocked back by the mystic blast.
Duvessa slams into the rock wall!
Duvessa is moderately wounded.
Duvessa hits you with a +1 vampiric rapier!
You die...

### ####### ##.P #.....# ###.P≈
###.#...# ##..≈≈♣ #...##...#
#..≈P♣♣ #.#####...## #.PP≈♣
#.#._.##...# #.P.P♣
####.#.:.###...# ##.P≈≈♣♣
#....##.@e#∩#... #..#.P≈≈
#.###.##...###.e #.###.≈≈ #†#
#.###)..## #.# ##PP #.# #.#
##...## #.### #. ##.###.# ##...##
#.#.###. #......# ###...#
#..#.##. ########..#####
#.....###.###...
..........########..#####.## ##.#
.#######.#.......#........(###.##


You could see Duvessa (berserk, poisoned).

Vanquished Creatures
  Grinder (D:3)
  Pargi (Sewer)
  A sky beast (D:4)
  An ogre (D:4)
  A phantom (D:4)
  Dowan (D:4)
  4 crimson imps (D:3)
  A jelly (D:4)
  2 orc priests (D:3)
  Crazy Yiuf (D:3)
  An iguana (D:4)
  Terence (D:3)
  6 adders
  4 worms
  5 dart slugs
  11 orcs
  2 bat zombies (D:3)
  5 endoplasms
  A giant cockroach (D:3)
  9 goblins
  8 hobgoblins
  4 jackals (D:4)
  3 quokkas
  11 ball pythons
  5 frilled lizards
  10 kobolds
  2 rats
  2 rat zombies (D:3)
104 creatures vanquished.

Vanquished Creatures (others)
  10 plants (D:4)
10 creatures vanquished.

Grand Total: 114 creatures vanquished

Notes
Turn   | Place    | Note
-------+----------+-------------------------------------------
     0 | D:1      | lesbiats the Gnoll Conjurer began the quest for the Orb.
     0 | D:1      | Reached XP level 1. HP: 13/13 MP: 6/6
   219 | D:1      | Reached XP level 2. HP: 19/19 MP: 5/7
   222 | D:1      | Learned a level 2 spell: Searing Ray
   541 | D:1      | Found a faded altar of an unknown god.
  1202 | D:2      | Found a basalt altar of Yredelemnul.
  1251 | D:2      | Reached skill level 5 in Spellcasting
  1251 | D:2      | Reached XP level 3. HP: 25/25 MP: 4/9
  1307 | D:2      | Reached skill level 1 in Invocations
  1391 | D:2      | Reached skill level 1 in Fighting
  1391 | D:2      | Reached skill level 1 in Short Blades
  1391 | D:2      | Reached skill level 1 in Long Blades
  1391 | D:2      | Reached skill level 1 in Axes
  1391 | D:2      | Reached skill level 1 in Maces & Flails
  1391 | D:2      | Reached skill level 1 in Polearms
  1391 | D:2      | Reached skill level 1 in Staves
  1391 | D:2      | Reached skill level 1 in Ranged Weapons
  1391 | D:2      | Reached skill level 1 in Throwing
  1391 | D:2      | Reached skill level 1 in Armour
  1391 | D:2      | Reached skill level 1 in Shields
  1391 | D:2      | Reached skill level 1 in Unarmed Combat
  1391 | D:2      | Reached skill level 1 in Evocations
  1524 | D:2      | Reached XP level 4. HP: 30/32 MP: 8/11
  2063 | D:3      | Found a runed translucent door.
  2064 | D:3      | Noticed Crazy Yiuf
  2263 | D:3      | Reached skill level 1 in Hexes
  2263 | D:3      | Reached skill level 1 in Summonings
  2263 | D:3      | Reached skill level 1 in Necromancy
  2263 | D:3      | Reached skill level 1 in Translocations
  2263 | D:3      | Reached skill level 1 in Transmutations
  2263 | D:3      | Reached skill level 1 in Fire Magic
  2263 | D:3      | Reached skill level 1 in Ice Magic
  2263 | D:3      | Reached skill level 1 in Air Magic
  2263 | D:3      | Reached skill level 1 in Earth Magic
  2263 | D:3      | Reached skill level 1 in Poison Magic
  2267 | D:3      | Learned a level 3 spell: Stone Arrow
  2327 | D:3      | Reached XP level 5. HP: 31/37 MP: 1/12
  2897 | D:3      | Noticed Grinder
  3007 | D:3      | Noticed Terence
  3021 | D:3      | Killed Terence
  3188 | D:3      | Found a shimmering altar of Xom.
  3190 | D:3      | Paralysed by Grinder for 4 turns
  3198 | D:3      | Killed Grinder
  3199 | D:3      | Reached skill level 5 in Dodging
  3199 | D:3      | Reached XP level 6. HP: 26/44 MP: 8/14
  3211 | D:3      | Reached XP level 7. HP: 25/51 MP: 3/15
  3717 | D:3      | Found an ancient bone altar of Kikubaaqudgha.
  3795 | D:3      | Killed Crazy Yiuf
  3974 | D:4      | Reached skill level 5 in Stealth
  4147 | D:4      | Noticed Duvessa
  4249 | D:4      | Found a glowing drain.
  4271 | Sewer    | Entered a sewer
  4330 | Sewer    | Noticed Pargi
  4335 | Sewer    | Killed Pargi
  4688 | D:4      | Reached XP level 8. HP: 36/58 MP: 16/16
  4806 | D:4      | Learned a level 2 spell: Passwall
  4830 | D:4      | Found a staircase to the Ecumenical Temple.
  4873 | Temple   | Entered the Ecumenical Temple
  4880 | Temple   | Became a worshipper of Ashenzari the Shackled
  5136 | D:4      | Learned a level 4 spell: Iskenderun's Mystic Blast
  5141 | D:4      | Learned a level 4 spell: Fulminant Prism
  5228 | D:4      | Identified the +0 ring mail of Optimism {rElec rCorr Slay+3
                  | Stlth+}
  5511 | D:4      | Noticed Dowan
  5512 | D:4      | Found a shimmering blue altar of Sif Muna.
  5515 | D:4      | Killed Dowan
  5582 | D:4      | Slain by Duvessa

Illustrated notes

Levels and vault maps discovered:
D:1:      lemuel_arrival_lava_pool, layout_basic,
          shapermc_ecumenical_altar_mp_vishouse, roderic_serpentine_path,
          minivault_26
D:2:      layout_basic, basic_altar
D:3:      minmay_spotlight, layout_basic, led_xom_imps,
          lemuel_zombie_altar_kikubaaqudgha, uniq_crazy_yiuf_cottage,
          uniq_terence, uniq_grinder
D:4:      layout_loops_ring, nzn_overflow_gifts_of_might_and_magic,
          minmay_temple_entry_waves, serial_bayou, serial_bayou_pond_c,
          serial_bayou_lake_a, serial_bayou_ford_a, serial_bayou_crossing,
          cheibrodos_sewer_entry_bend, uniq_duvessa
Temple:   hellmonk_temple_two_chambers

Skill      XL: |  1  2  3  4  5  6  7  8 |
---------------+-------------------------+-----
Spellcasting   | 5 6 |  6.0
Invocations    | 1 2 3 |  3.6
Fighting       | 1 2 3 |  3.2
Short Blades   | 1 2 3 |  3.2
Long Blades    | 1 2 3 |  3.2
Axes           | 1 2 3 |  3.2
Maces & Flails | 1 2 3 |  3.2
Polearms       | 1 2 3 |  3.2
Staves         | 1 2 3 |  3.2
Ranged Weapons | 1 2 3 |  3.2
Throwing       | 1 2 3 |  3.2
Armour         | 1 2 3 |  3.2
Shields        | 1 2 3 |  3.2
Unarmed Combat | 1 2 3 |  3.2
Evocations     | 1 2 3 |  3.2
Hexes          | 1 2 |  2.6
Summonings     | 1 2 |  2.6
Necromancy     | 1 2 |  2.6
Translocations | 1 2 |  2.6
Transmutations | 1 2 |  2.6
Fire Magic     | 1 2 |  2.6
Ice Magic      | 1 2 |  2.6
Air Magic      | 1 2 |  2.6
Earth Magic    | 1 2 |  2.6
Poison Magic   | 1 2 |  2.6
Dodging        | 5 |  5.7
Stealth        | 5 |  5.3
Conjurations   | |  7.6

Action                   |  1- 3 |  4- 6 |  7- 9 || total
-------------------------+-------+-------+-------++-------
Melee: Dagger            |     8 |     6 |       ||    14
       Bite              |       |     5 |     4 ||     9
       Hand axe          |       |    17 |    56 ||    73
       Punch             |       |       |     2 ||     2
Throw: Boomerang         |       |       |     7 ||     7
 Cast: Magic Dart        |    44 |    27 |     8 ||    79
       Searing Ray       |     1 |     6 |     5 ||    12
       Stone Arrow       |       |    11 |    27 ||    38
       Iskenderun's Myst |       |       |     1 ||     1
  Use: Scroll            |       |       |     1 ||     1
       Potion            |       |       |     3 ||     3
 Stab: Sleeping          |       |     2 |     4 ||     6
Armor: Robe              |     1 |     3 |    23 ||    27
Dodge: Dodged            |    14 |    21 |    37 ||    72

Table legend: (Time is in decaauts)
 A = Elapsed time spent in this place.
 B = Non-inter-level travel time spent in this place.
 C = Inter-level travel time spent in this place.
 D = Time resting spent in this place.
 E = Time spent auto-exploring this place.
 F = Levels seen in this place.
 G = Mean time per level.
                   A        B        C        D        E       F      G
               +--------+--------+--------+--------+--------+-----+--------+
         Total |   5652 |   5185 |    467 |   1530 |   2666 |   6 |  942.0 |
       Dungeon |   5248 |   4798 |    450 |   1378 |   2624 |   4 | 1312.0 |
        Temple |     19 |      2 |     17 |      0 |      0 |   1 |   19.0 |
         Sewer |    383 |    383 |      0 |    152 |     42 |   1 |  383.0 |
               +--------+--------+--------+--------+--------+-----+--------+

Top non-repeatable levels by time:
     D:3: 1931 daAuts
     D:4: 1303 daAuts
     D:1: 1201 daAuts
     D:2: 812 daAuts
   Sewer: 383 daAuts
  Temple: 19 daAuts
